AoeStats
← Azatapower

Arabia

505683511Analyzed
1v1 RM · 21d ago on Sep 10, 2026· 37m 59s· 2 players
Game mode
Random Map
Map size
Tiny (2 player)
Population
200
Speed
Normal
Resources
Standard
Victory
Conquest
Starting age
Dark Age
Ending age
Imperial Age
RankedLock teamsTeams togetherTeam positionsShared explorationLock speedFull tech treeHidden civsTurbo modeCheats
Victory
Defeat
🇩🇪 Muisca · Germany
1304
+15
🇧🇷 Georgians · Brazil
1293
-15
Azatapower
5:38 Loom
9:01 Feudal Age
9:51 Horse Collar
9:58 Double-Bit Axe
19:58 Castle Age
18:37 Fletching
18:47 Padded Archer Armor
20:12 Wheelbarrow
19:46 Gold Mining
20:33 Bloodlines
21:21 Bow Saw
21:45 Husbandry
22:27 Ballistics
22:51 Bodkin Arrow
24:06 Town Watch
26:29 Herbal Medicine
30:39 Man-at-Arms
32:50 Long Swordsman
36:30 Squires
36:36 Scale Mail Armor
Pepschelle
5:43 Loom
9:32 Feudal Age
10:09 Double-Bit Axe
9:54 Champi Runner
13:05 Town Watch
13:17 Horse Collar
16:30 Wheelbarrow
20:55 Castle Age
19:46 Gold Mining
20:22 Scale Mail Armor
20:57 Forging
21:41 Squires
21:54 Bow Saw
21:54 Heavy Plow
22:17 Town Patrol
23:31 Chain Mail Armor
25:29 Fletching
Connection lost

Rejoining the realm…

Still unreachable

The connection could not be restored.

Session expired

The server has moved on; the page needs a fresh start.